 Dungeon Crawl Stone Soup version 0.30-a0-711-gf4ac18a38d (webtiles) character file.

Game seed: 8031694630314764489

172 purpskrrrp the Ogre Mage (level 5, 0/53 HPs)
             Began as an Ogre Air Elementalist on Jan 22, 2023.
             Splashed by a jelly's acid (9 damage)
             ... on level 4 of the Dungeon.
             The game lasted 00:05:50 (3960 turns).

purpskrrrp the Ogre Mage (Ogre Air Elementalist)    Turns: 3960, Time: 00:05:50

Health: 0/53       AC: -5    Str: 12    XL:     5   Next: 53%
Magic:  10/10      EV:  9    Int: 25    God:
Gold:   242        SH:  0    Dex:  9    Spells: 7/11 levels left

rFire   . . .      SeeInvis .    k - +3 dagger "Gioff" {pain, *Corrode +Blink Will+ Int+7}
rCold   . . .      Faith    .    (no shield)
rNeg    . . .      Spirit   .    a - +0 robe
rPois   .          Reflect  .    (helmet restricted)
rElec   .          Harm     .    (no cloak)
rCorr   .          Rampage  .    (gloves unavailable)
Will    +....                    (boots unavailable)
Stlth   +                        (no amulet)
HPRegen 0.28/turn                (no ring)
MPRegen 0.12/turn                (no ring)

@: corroded
A: large, unfitting armour, tough skin 1
a: Evoke Blink


You were on level 4 of the Dungeon.
You visited 1 branch of the dungeon, and saw 4 of its levels.

You collected 242 gold pieces.

Inventory:

Hand Weapons
 h - a +0 mace
 i - a +1 short sword of venom
 k - the +3 dagger "Gioff" (weapon) {pain, *Corrode +Blink Will+ Int+7}
   (You found it on level 2 of the Dungeon)

   Int:       It affects your intelligence (+7).
   +Blink:    It lets you blink.
   *Corrode:  It may corrode you when you take damage.
   Will:      It increases your willpower.
Missiles
 j - 8 poisoned darts
Armour
 a - a +0 robe (worn)
Jewellery
 g - a ring of wizardry
 p - a ring of magical power
 r - a ring of see invisible
Scrolls
 e - 5 scrolls of identify
 o - a scroll of silence {unknown}
 q - a scroll of magic mapping {unknown}
Potions
 b - 2 potions of magic
 c - a potion of attraction {unknown}
 d - 2 potions of lignification
 f - a potion of ambrosia {unknown}
 l - a potion of flight {unknown}
 m - a potion of resistance {unknown}
 n - a potion of brilliance {unknown}


   Skills:
 + Level 3.0 Fighting
 - Level 1.7 Dodging
 - Level 1.4 Stealth
 + Level 3.7 Spellcasting
 + Level 2.4 Conjurations
 + Level 3.6 Air Magic


You had 7 spell levels left.
You knew the following spells:

 Your Spells              Type           Power      Damage    Failure   Level
a - Shock                 Conj/Air       76%        1d7       2%          1
b - Swiftness             Air            22%        N/A       6%          3

Your spell library contained the following spells:

 Spells                   Type           Power      Damage    Failure   Level
 Static Discharge         Conj/Air       38%        2-4/arc   4%          2
 Necrotise                Necr           16%        1d4       10%         1
 Airstrike                Air            11%        2d(2-18)  22%         4
 Vampiric Draining        Necr           4%         2d6       28%         3
 Agony                    Necr           4%         N/A       95%         5


Dungeon Overview and Level Annotations

Branches:
Dungeon (4/15)
 Temple: D:4-7

Altars:

Shops:
D:1 !

Annotations:
D:3 3 runed translucent doors, Sabo's ghost, weakling OpFE


Innate Abilities, Weirdness & Mutations

You are too large for most types of armour.
You have tough skin. (AC +1)


Message History

You barely miss the jelly.
The jelly is heavily wounded.
The jelly hits you but does no damage.
You hit the jelly. The acid corrodes you!
Your hands burn!
The jelly is severely wounded.
The jelly closely misses you.
You hit the jelly but do no damage.
Your hands burn!
The jelly is severely wounded.
The jelly hits you.
You are splashed with acid!
You hit the jelly. The acid corrodes you!
Your hands burn!
The jelly is severely wounded.
The jelly hits you.
You are splashed with acid!
You are too injured to fight recklessly!
You are too injured to fight recklessly!
You are too injured to fight recklessly!
You are too injured to fight recklessly!
You are too injured to fight recklessly!
You are too injured to fight recklessly!
You are too injured to fight recklessly!
You are too injured to fight recklessly!
You are too injured to fight recklessly!
You are too injured to fight recklessly!
You are too injured to fight recklessly!
You are too injured to fight recklessly!
You are too injured to fight recklessly!
You are too injured to fight recklessly!
You are too injured to fight recklessly!
You are too injured to fight recklessly!
You are too injured to fight recklessly!
You hit the jelly but do no damage. The acid corrodes you!
Your hands burn!
* * * LOW HITPOINT WARNING * * *
The jelly is severely wounded.
The jelly barely misses you.
You hit the jelly but do no damage.
Your hands burn!
* * * LOW HITPOINT WARNING * * *
The jelly is severely wounded.
The jelly hits you.
* * * LOW HITPOINT WARNING * * *
You are splashed with acid!
You die...

.......###
..##+#.#
..# †..
..# ..##
..# # ###
# #####
#.J.#
#####
#..##@#
.....
#..##.#
####
#..##.#
#####
#..##.#
....#
#..##.#
###.#
#..##.#
#.#
#..##.#
#.#
#.....#
#.#
#.#####


You could see a jelly.

Vanquished Creatures
  A hound (D:4)
  An orc wizard (D:4)
  3 adders (D:2)
  4 worms
  A dart slug (D:2)
  3 orcs (D:4)
  9 bats
  6 endoplasms
  5 giant cockroaches
  10 goblins
  4 hobgoblins
  A quokka (D:2)
  6 ball pythons
  8 frilled lizards
  8 kobolds
  4 rats
74 creatures vanquished.

Notes
Turn   | Place    | Note
-------+----------+-------------------------------------------
     0 | D:1      | purpskrrrp the Ogre Air Elementalist began the quest for
                  | the Orb.
     0 | D:1      | Reached XP level 1. HP: 16/16 MP: 3/3
    86 | D:1      | Reached skill level 1 in Conjurations
   235 | D:1      | Reached skill level 1 in Fighting
   235 | D:1      | Reached XP level 2. HP: 14/27 MP: 3/5
   514 | D:1      | Found Zyrchid's Distillery.
  1066 | D:2      | Reached XP level 3. HP: 33/33 MP: 4/7
  1384 | D:2      | Reached XP level 4. HP: 41/42 MP: 2/8
  1555 | D:2      | Identified the +3 dagger "Gioff" {pain, *Corrode +Blink
                  | Will+ Int+7}
  2324 | D:3      | Learned a level 3 spell: Swiftness
  2609 | D:3      | Noticed Sabo's ghost (weakling OpFE)
  2637 | D:3      | Found a faded altar of an unknown god.
  2893 | D:3      | Found a runed translucent gate.
  2893 | D:3      | Found a runed translucent gate.
  2893 | D:3      | Found a runed translucent gate.
  3506 | D:4      | Reached XP level 5. HP: 48/50 MP: 6/10
  3960 | D:4      | Splashed by a jelly's acid

Illustrated notes

Levels and vault maps discovered:
D:1:      dpeg_arrival_triangle_fractal, layout_basic, serial_shops, shop
D:2:      layout_rooms, minmay_misc_feat_tiny
D:3:      layout_loops_corners, shapermc_ecumenical_altar_venn,
          gammafunk_ghost_icy
D:4:      layout_basic

Skill      XL: |  1  2  3  4  5 |
---------------+----------------+-----
Conjurations   | 1 2 |  2.4
Fighting       | 1 2 3 |  3.0
Air Magic      | 3 |  3.6
Spellcasting   | 3 |  3.7
Dodging        | |  1.7
Stealth        | |  1.4

Action                     |  1- 3 |  4- 6 || total
---------------------------+-------+-------++-------
  Melee: Unarmed           |    29 |       ||    29
         Mace              |    10 |       ||    10
         Short sword       |     1 |     7 ||     8
         Dagger            |       |    51 ||    51
   Cast: Shock             |    66 |    81 ||   147
    Use: Scroll            |       |     4 ||     4
 Armour: Robe              |    23 |    11 ||    34
  Dodge: Dodged            |    42 |    25 ||    67

Table legend: (Time is in decaauts)
 A = Elapsed time spent in this place.
 B = Non-inter-level travel time spent in this place.
 C = Inter-level travel time spent in this place.
 D = Time resting spent in this place.
 E = Time spent auto-exploring this place.
 F = Levels seen in this place.
 G = Mean time per level.
                   A        B        C        D        E       F      G
               +--------+--------+--------+--------+--------+-----+--------+
         Total |   3962 |   3857 |    105 |    243 |   3191 |   4 |  990.5 |
       Dungeon |   3962 |   3857 |    105 |    243 |   3191 |   4 |  990.5 |
               +--------+--------+--------+--------+--------+-----+--------+

Top non-repeatable levels by time:
     D:3: 1149 daAuts
     D:1: 1133 daAuts
     D:2: 1067 daAuts
     D:4: 611 daAuts
